 Dungeon Crawl Stone Soup version 0.17.0-15-g6d90897 (webtiles) character file.

2543 Helmschank the Transmogrifier (level 9, -5/58 HPs)
             Began as an Octopode Transmuter on Nov 10, 2015.
             Was an Initiate of Dithmenos.
             Slain by an orc warrior
             ... wielding a +0 scimitar
              (18 damage)
             ... on level 6 of the Dungeon.
             The game lasted 00:35:37 (8986 turns).

Helmschank the Transmogrifier (Octopode Transmuter) Turns: 8986, Time: 00:35:38

Health: -5/58      AC:  1    Str: 11    XL:     9   Next: 55%
Magic:  8/12       EV: 14    Int: 16    God:    Dithmenos [......]
Gold:   306        SH:  0    Dex: 13    Spells: 4 memorised, 0 levels left

rFire  . . .     SeeInvis .       - Unarmed
rCold  . . .     Clarity  .     (shield currently unavailable)
rNeg   . . .     SustAt   .     (helmet restricted)
rPois  .         Gourm    +     D - amulet of the gourmand
rElec  .         Spirit   .     (no ring)
rCorr  .         Warding  .     (no ring)
rMut   .         Stasis   .     (no ring)
MR     .....                    (no ring)
Stlth  ++++......               (no ring)
                                (no ring)
                                (no ring)
                                (no ring)

@: blade tentacles, not resistant to hostile enchantments, stealthy
A: almost no armour, amphibious, 8 rings, constrict 8, camouflage 1, gelatinous
body 1
a: End Transformation, Renounce Religion


You were on level 6 of the Dungeon.
You worshipped Dithmenos.
Dithmenos was noncommittal.
You were very full.
You had blades for tentacles.
You visited 2 branches of the dungeon, and saw 7 of its levels.

You collected 306 gold pieces.

Inventory:

Hand Weapons
 E - a +2 dagger of venom
Missiles
 a - 125 arrows
 d - 5 javelins (quivered)
 o - 18 poisoned needles
 s - 15 arrows of frost
 t - 153 stones
 z - 7 silver tomahawks
Jewellery
 e - an uncursed amulet of resist corrosion {unknown}
 y - an uncursed ring of ice
 D - an amulet of the gourmand (around mantle)
Scrolls
 f - a scroll of fog {unknown}
 m - 3 scrolls of remove curse
 q - a scroll of recharging
 w - 4 scrolls of identify
Potions
 g - a potion of brilliance
 k - a potion of magic
 p - 2 potions of flight
 r - 3 potions of ambrosia
 x - a potion of heal wounds
 A - 2 potions of curing
Books
 b - a book of Changes

   Spells                             Type                      Level
   a - Beastly Appendage              Transmutation                1
   b - Sticks to Snakes               Transmutation                2
   c - Spider Form                    Transmutation/Poison         3
   d - Ice Form                       Ice/Transmutation            4
   e - Blade Hands                    Transmutation                5
 C - a book of the Sky

   Spells                             Type                      Level
   a - Summon Lightning Spire         Summoning/Air                4
   b - Airstrike                      Air                          4
   c - Silence                        Hexes/Air                    5
   d - Deflect Missiles               Charms/Air                   6
   e - Conjure Ball Lightning         Conjuration/Air              6
   f - Tornado                        Air                          9
Comestibles
 c - 6 bread rations
 i - a beef jerky
 j - 4 meat rations
 n - 3 fruits


   Skills:
 + Level 4.2 Fighting
 + Level 4.8 Dodging
 - Level 5.7 Stealth
 * Level 6.8 Unarmed Combat
 - Level 2.0 Spellcasting
 - Level 12.1 Transmutations
 + Level 0.4 Ice Magic


You couldn't memorise any spells.
You knew the following spells:

 Your Spells              Type           Power        Failure   Level  Hunger
a - Beastly Appendage     Trmt           #####.       10%         1    #......
d - Ice Form              Ice/Trmt       ###.....     58%         4    #####..
x - Sticks to Snakes      Trmt           #####.....   10%         2    ###....
z - Blade Hands           Trmt           #####.....   32%         5    ######.


Dungeon Overview and Level Annotations

Branches:
Dungeon (6/15)             Temple (1/1) D:5

Altars:
Ashenzari
Cheibriados
Dithmenos
Elyvilon
Fedhas
Kikubaaqudgha
Makhleb
Qazlal
Ru
Trog
Xom
Yredelemnul
Zin
The Shining One
Lugonu

Shops:
D:6 }

Annotations:
D:4 exclusion: oklob plant


Innate Abilities, Weirdness & Mutations

You cannot wear most types of armour.
You are amphibious.
You can wear up to eight rings at the same time.
You can use your tentacles to constrict eight enemies at once.
Your skin changes colour to match your surroundings (Stealth).
Your rubbery body absorbs attacks (AC +1).


Message History

* * * LOW HITPOINT WARNING * * *
You hit the orc warrior but do no damage.
The orc warrior is moderately wounded.
You constrict the orc warrior, but do no damage.
The orc warrior hits you with a scimitar!
* * * LOW HITPOINT WARNING * * *
Drink which item? (? for menu, Esc to quit)
You feel much better.
You constrict the orc warrior.
The orc warrior hits you with a scimitar!!
* * * LOW HITPOINT WARNING * * *
You hit the orc warrior.
The orc warrior is severely wounded.
You constrict the orc warrior.
You hit the orc warrior but do no damage.
You slash the orc warrior, but do no damage.
Your squeeze misses the orc warrior.
The orc warrior is severely wounded.
You constrict the orc warrior, but do no damage.
The orc warrior hits you with a scimitar!!
You die...

............>.....###... #.##.
.............#..#....... #.#..
..........[....)...# #.#..
#...###.#.##..#.###. #.#.#
#.)..........>......# #...^
#...#####.##.##.##### ###..
#...## #.......###.###########
#....####....<.###...##.....# #
###.......##.#@##.....#.###.# #
##..###.......o........# #.# #
#.......##..##..|.........###.###
...............#.................
#.###...##........#.....#########
# #....##....<...##...##
#..............###.##
.....###.##.##.# ### #.##
#.##(##.#


You could see an orc warrior.

Vanquished Creatures
  Eustachio (D:5)
  The ghost of Sharkman1231 the Sneak, an amateur HEAs (D:3)
  Edmund (D:6)
  A sky beast (D:5)
  A centaur (D:5)
  An ice beast (D:5)
  4 ogres
  Blork the orc (D:6)
  A big kobold (D:5)
  A hound (D:5)
  2 crimson imps
  A giant frog zombie (D:3)
  2 orc priests (D:4)
  4 orc wizards
  An iguana (D:4)
  3 worker ants
  8 gnolls
  A shadow imp (D:5)
  9 adders
  An adder skeleton (D:5)
  A worm (D:3)
  A giant gecko (D:5)
  21 orcs
  12 bats
  8 giant cockroaches
  13 goblins
  8 hobgoblins
  6 jackals
  7 kobolds
  3 quokkas
  A ball python (D:2)
  A giant gecko zombie (D:5)
  5 giant newts
  2 goblin zombies (D:5)
  A hobgoblin zombie (D:5)
  A kobold skeleton (D:5)
  3 orc skeletons (D:5)
  A quokka skeleton (D:4)
  14 rats
154 creatures vanquished.

Notes
Turn   | Place    | Note
--------------------------------------------------------------
     0 | D:1      | Helmschank the Octopode Transmuter began the quest for the Orb.
     0 | D:1      | Reached XP level 1. HP: 13/13 MP: 3/3
   233 | D:1      | You fall through a shaft!
   248 | D:1      | Reached XP level 2. HP: 5/18 MP: 5/5
   624 | D:1      | Reached skill level 1 in Stealth
   758 | D:1      | Reached XP level 3. HP: 22/24 MP: 6/6
  1630 | D:2      | Reached XP level 4. HP: 29/29 MP: 7/7
  2312 | D:2      | Reached skill level 4 in Unarmed Combat
  2706 | D:3      | Reached XP level 5. HP: 19/34 MP: 8/8
  2890 | D:3      | Found a shattered altar of Ashenzari.
  2926 | D:3      | You fall through a shaft for 3 floors!
  3043 | D:6      | Learned a level 2 spell: Sticks to Snakes
  3121 | D:6      | Noticed Blork the orc
  3124 | D:5      | Entered Level 5 of the Dungeon
  3145 | D:5      | Noticed an ice beast
  3484 | D:5      | Reached XP level 6. HP: 32/41 MP: 9/9
  3827 | D:3      | Noticed Sharkman1231's ghost (amateur HEAs)
  3864 | D:3      | Killed Sharkman1231's ghost
  3864 | D:3      | Reached skill level 5 in Unarmed Combat
  4765 | D:4      | Found a snail-covered altar of Cheibriados.
  4977 | D:3      | Reached XP level 7. HP: 31/46 MP: 10/10
  5711 | D:4      | Found a blossoming altar of Fedhas.
  5837 | D:4      | Noticed an oklob plant
  6453 | D:4      | Reached skill level 5 in Stealth
  6453 | D:4      | Reached skill level 6 in Unarmed Combat
  6677 | D:4      | Reached skill level 12 in Transmutations
  6677 | D:4      | Reached XP level 8. HP: 53/53 MP: 11/11
  6684 | D:4      | Learned a level 5 spell: Blade Hands
  6926 | D:5      | Noticed an ogre
  6932 | D:5      | Killed an ogre
  7100 | D:5      | Noticed a centaur
  7139 | D:5      | Killed a centaur
  7139 | D:5      | Reached XP level 9. HP: 26/58 MP: 12/12
  7384 | D:5      | Killed an ice beast
  7623 | D:5      | Noticed an ogre
  7629 | D:5      | Killed an ogre
  7831 | D:5      | Found a sacrificial altar of Ru.
  7859 | D:5      | Learned a level 4 spell: Ice Form
  8067 | D:5      | Noticed a sky beast
  8072 | D:5      | Killed a sky beast
  8237 | D:5      | Found a glowing golden altar of the Shining One.
  8315 | D:5      | Noticed Eustachio
  8328 | D:5      | Found a staircase to the Ecumenical Temple.
  8337 | D:5      | Killed Eustachio
  8346 | Temple   | Entered the Ecumenical Temple
  8391 | Temple   | Became a worshipper of Dithmenos the Shadowed
  8682 | D:6      | Killed Blork the orc
  8692 | D:6      | Noticed Edmund
  8701 | D:6      | Killed Edmund
  8883 | D:6      | Found Cyinohen's Gadget Boutique.
  8884 | D:6      | Noticed an orc warrior
  8986 | D:6      | Slain by an orc warrior

Action                   |  1- 3 |  4- 6 |  7- 9 || total
-------------------------+-------+-------+-------++-------
Melee: Unarmed           |    76 |   172 |   187 ||   435
Throw: Stone             |       |       |    12 ||    12
 Cast: Sticks to Snakes  |       |       |     3 ||     3
       Blade Hands       |       |       |    10 ||    10
  Use: Potion            |     2 |       |     2 ||     4
       Scroll            |       |       |    15 ||    15
 Stab: Sleeping          |     7 |     5 |     8 ||    20
       Distracted        |     1 |       |       ||     1
  Eat: Chunk             |     2 |    11 |    25 ||    38
